 Dungeon Crawl Stone Soup version 0.26.1 (webtiles) character file.

Game seed: 7507656550955579428

30 Electrofox the Ruffian (level 3, 0/28 HPs)
             Began as a Draconian Transmuter on Feb 6, 2021.
             Succumbed to an adder's poison
             ... on level 2 of the Dungeon.
             The game lasted 00:13:52 (1172 turns).

Electrofox the Ruffian (Draconian Transmuter)       Turns: 1172, Time: 00:13:53

Health: 0/28       AC:  5    Str: 12    XL:     3   Next: 5%
Magic:  6/6        EV: 12    Int: 14    God:
Gold:   64         SH:  0    Dex: 11    Spells: 6/7 levels left

rFire    . . .     SeeInvis .     - Unarmed
rCold    . . .     Faith    .   (no shield)
rNeg     . . .     Spirit   .   (armour unavailable)
rPois    .         Reflect  .   (helmet restricted)
rElec    .         Harm     .   (no cloak)
rCorr    .         Rampage  .   (no gloves)
Will     .....                  (no boots)
Stlth    +.........             (no amulet)
HPRegen  0.09/turn              (no ring)
MPRegen  0.10/turn              (no ring)

@: lethally poisoned (0 -> -12)
A: unfitting armour, cold-blooded, AC +5
a: no special abilities


You were on level 2 of the Dungeon.
You visited 1 branch of the dungeon, and saw 2 of its levels.

You collected 64 gold pieces.

Inventory:

Hand Weapons
 d - a cursed -2 dagger
 f - a +0 hunting sling
Missiles
 a - 61 stones
 b - 16 poisoned darts (quivered)
Scrolls
 c - a scroll of remove curse {unknown}
 g - a scroll of identify {unknown}
Potions
 e - a potion of attraction {unknown}


   Skills:
 - Level 1.1 Fighting
 - Level 1.7 Dodging
 - Level 3.2 Unarmed Combat
 + Level 2.6 Spellcasting
 + Level 2.7 Transmutations


You had 6 spell levels left.
You knew the following spells:

 Your Spells              Type           Power        Failure   Level
a - Beastly Appendage     Tmut           18%          8%          1

Your spell library contained the following spells:

 Spells                   Type           Power        Failure   Level
 Wereblood                Tmut           9%           11%         2
 Spider Form              Tmut/Pois      2%           36%         3
 Ice Form                 Ice/Tmut       5%           77%         4
 Blade Hands              Tmut           4%           90%         5


Dungeon Overview and Level Annotations

Branches:
Dungeon (2/15)

Altars:


Innate Abilities, Weirdness & Mutations

Your plain brown scales are hard. (AC +5)
You cannot fit into any form of body armour.
You are cold-blooded and may be slowed by cold attacks.


Message History

* * * LOW HITPOINT WARNING * * *
You feel sick. The adder closely misses you.
The rat bites you but does no damage.
You hit the adder but do no damage. Your kick misses the adder.
The adder is heavily wounded.
* * * LOW HITPOINT WARNING * * *
You feel sick. The adder misses you. The rat closely misses you.
The adder misses you.
You closely miss the adder. Your headbutt misses the adder.
The adder is heavily wounded.
* * * LOW HITPOINT WARNING * * *
You feel sick. The rat bites you but does no damage.
The adder closely misses you.
You barely miss the adder. Your kick misses the adder.
The adder is heavily wounded.
Your horns disappear.
Your talons disappear.
The adder closely misses you. The rat bites you but does no damage.
You hit the adder.
The adder is heavily wounded.
You die...

##...<..##
##......).## ≈≈♣≈≈≈
#..........#♣♣♣≈P≈P≈≈
#..........♣♣≈P≈♣≈≈≈≈
#.........♣♣≈≈≈≈≈P≈≈≈
#........♣≈≈≈PP≈≈≈≈≈≈
#........♣♣≈P≈P≈≈≈≈≈≈
##....[<.♣♣≈≈≈≈≈≈≈≈≈≈
##.......@r≈≈≈♣≈≈♣≈≈≈
#........S.♣≈≈≈≈≈≈≈≈≈
#............≈≈♣≈≈P≈≈
#..........###♣♣ ≈≈♣≈
#....)<....# ♣≈♣
#..........# ♣
##....>...##
##......## ###...###


You could see an adder and a rat.

Vanquished Creatures
  An ooze (D:2)
  2 leopard geckos (D:1)
  A giant cockroach (D:1)
  4 goblins
  5 hobgoblins
  3 kobolds (D:1)
  2 bats (D:1)
  6 rats (D:1)
24 creatures vanquished.

Vanquished Creatures (others)
  8 plants (D:2)
8 creatures vanquished.

Grand Total: 32 creatures vanquished

Notes
Turn   | Place    | Note
-------+----------+-------------------------------------------
     0 | D:1      | Electrofox the Draconian Transmuter began the quest for the
                  | Orb.
     0 | D:1      | Reached XP level 1. HP: 16/16 MP: 3/3
   253 | D:1      | Reached XP level 2. HP: 19/23 MP: 5/5
  1053 | D:2      | Reached XP level 3. HP: 23/28 MP: 6/6
  1170 | D:2      | HP: 1/28 [poisoned by an adder]
  1172 | D:2      | Succumbed to an adder's poison

Illustrated notes

Levels and vault maps discovered:
D:1:      erik_arrival_orb_chamber, layout_basic, due_unseen_surprise
D:2:      layout_rooms, serial_bayou, serial_bayou_pond_e, serial_bayou_pond_a,
          serial_bayou_lake_a, serial_bayou_lagoon_b

Action                   || total
-------------------------++-------
Melee: Unarmed           ||    98
       Tailslap          ||    12
       Kick              ||     5
       Headbutt          ||     2
 Cast: Beastly Appendage ||     4
 Stab: Sleeping          ||     2
Armor: Skin              ||    30
Dodge: Dodged            ||    59
